 Dungeon Sprint DCSS version 0.23-a0-393-g6e9e0f2 (webtiles) character file.

940 Garbasso the Basher (level 7, -4/94 HPs)
             Began as a Demonspawn Berserker on Oct 31, 2018.
             Was a Believer of Trog.
             Slain by a centaur warrior (6 damage)
             ... in the Dungeon (Sprint I: "Red Sonja").
             The game lasted 00:01:20 (222 turns).

Garbasso the Basher (Demonspawn Berserker)           Turns: 222, Time: 00:01:20

Health: -4/94      AC: 10    Str: 24    XL:     7   Next: 88%
Magic:  7/7        EV: 15    Int:  8    God:    Trog [**....]
Gold:   172        SH:  0    Dex: 13    Spells: 6/6 levels left

rFire    . . .     SeeInvis .   a - +0 mace
rCold    . . .     Gourm    .   (no shield)
rNeg     . . .     Faith    .   j - +0 ring mail
rPois    .         Spirit   .   l - +0 helmet
rElec    .         Reflect  .   (no cloak)
rCorr    .         Harm     .   (no gloves)
MR       .....     NoTele   +   (no boots)
Stlth    ..........             (no amulet)
HPRegen  0.25/turn              (no ring)
MPRegen  0.10/turn              (no ring)

@: berserking (expiring), very quick
A: slimy green scales 2, powered by pain 1
a: Berserk, Trog's Hand, Renounce Religion


You were in the Dungeon.
You worshipped Trog.
Trog was pleased with you.
You were very hungry.

You visited 1 branch You collected 172 gold pieces.

Inventory:

Hand Weapons
 a - a +0 mace (weapon)
Armour
 j - a +0 ring mail (worn)
 l - a +0 helmet (worn)
Scrolls
 i - a scroll of blinking
Potions
 d - a potion of curing
 e - a potion of heal wounds
 f - a potion of haste
 g - 2 potions of magic
 h - a potion of berserk rage
Comestibles
 c - a ration
 k - 5 chunks of flesh


   Skills:
 + Level 8.4 Fighting
 * Level 10.4 Maces & Flails
 + Level 7.3 Armour
 + Level 7.3 Dodging


You had 6 spell levels left.
You didn't know any spells.
Your spell library was empty.

Dungeon Overview and Level Annotations

Branches:
Dungeon (1/1)

Altars:
Sif Muna
Vehumet
Wu Jian


Innate Abilities, Weirdness & Mutations

You are mostly covered in slimy green scales. (AC +3)
You sometimes gain a little power by taking damage.


Message History

* * * LOW HITPOINT WARNING * * *
The centaur warrior hits you with a cursed -1 shortbow.
* * * LOW HITPOINT WARNING * * *
You sock the centaur warrior!
You kill the centaur warrior!
Trog accepts your kill.
Your Fighting skill gained 2 levels and is now at level 8!
Your Maces & Flails skill gained 2 levels and is now at level 10!
Your Armour skill gained 2 levels and is now at level 7!
Your Dodging skill gained 2 levels and is now at level 7!
You have reached level 7!
Your demonic ancestry asserts itself...
Slimy green scales spread over more of your body.
The centaur warrior hits you.
* * * LOW HITPOINT WARNING * * *
You are too berserk!
You thump the centaur warrior!
The centaur warrior is moderately wounded.
The centaur warrior hits you.
You die...

#############
#..)..#..'..#
'..#..').#..+
#####'#####'#
#### # #..#
#[####§§# #
####
##.#(§§§§# #
#+#_.'≈§§@§+
#
+..._#≈§§§c#
#
#_.#'##+####
##+#)# ###


You could see a centaur warrior.

Vanquished Creatures
  A centaur warrior (D)
  Sigmund (D)
  An ogre (D)
  A jelly (D)
  Ijyb (D)
5 creatures vanquished.

Notes
Turn   | Place    | Note
-------+----------+-------------------------------------------
     0 | D        | Garbasso the Demonspawn Berserker began the quest for the
                  | Orb.
     0 | D        | Reached XP level 1. HP: 18/18 MP: 1/1
     2 | D        | Noticed Ijyb
    19 | D        | Killed Ijyb
    19 | D        | Reached skill level 4 in Maces & Flails
    19 | D        | Gained mutation: You are partially covered in slimy green
                  | scales. (AC +2) [demonic ancestry]
    19 | D        | Reached XP level 2. HP: 25/25 MP: 2/2
    73 | D        | Noticed an ogre
    80 | D        | Killed an ogre
    80 | D        | Reached skill level 5 in Fighting
    80 | D        | Reached skill level 6 in Maces & Flails
    80 | D        | Reached XP level 3. HP: 33/33 MP: 3/3
    80 | D        | Reached XP level 4. HP: 39/39 MP: 4/4
   132 | D        | Noticed Sigmund
   139 | D        | Killed Sigmund
   139 | D        | Reached ** piety under Trog
   139 | D        | Reached skill level 7 in Maces & Flails
   139 | D        | Reached skill level 5 in Armour
   139 | D        | Reached skill level 5 in Dodging
   139 | D        | Reached XP level 5. HP: 47/47 MP: 5/5
   139 | D        | Gained mutation: You sometimes gain a little power by
                  | taking damage. [demonic ancestry]
   139 | D        | Reached XP level 6. HP: 53/53 MP: 6/6
   183 | D        | Found a deep blue altar of Sif Muna.
   184 | D        | Found an ornate altar of the Wu Jian Council.
   185 | D        | Found a radiant altar of Vehumet.
   188 | D        | Reached skill level 8 in Maces & Flails
   211 | D        | Noticed a centaur warrior
   211 | D        | Noticed a centaur warrior
   220 | D        | HP: 3/79 [centaur warrior/cursed -1 shortbow (6)]
   221 | D        | Killed a centaur warrior
   221 | D        | Reached skill level 10 in Maces & Flails
   221 | D        | Gained mutation: You are mostly covered in slimy green
                  | scales. (AC +3) [demonic ancestry]
   221 | D        | Reached XP level 7. HP: 3/63 MP: 7/7
   222 | D        | Slain by a centaur warrior

Vault maps used:
D:        dungeon_sprint_1

Skill      XL: |  1  2  3  4  5  6 |
---------------+-------------------+-----
Maces & Flails | 4 6 7 10 | 10.4
Armour         | 2 4 5 7 |  7.3
Dodging        | 2 4 5 7 |  7.3
Fighting       | 5 6 8 |  8.4

Action                   |  1- 3 |  4- 6 |  7- 9 || total
-------------------------+-------+-------+-------++-------
Melee: Mace              |    21 |    14 |     1 ||    36
Invok: Berserk           |     2 |     2 |       ||     4
Armor: Animal skin       |     4 |       |       ||     4
       Ring mail         |       |     5 |       ||     5
Dodge: Dodged            |    10 |     8 |       ||    18

Table legend:
 A = Non-vault XP
 B = Vault XP
 C = Vault XP percentage of total XP
 D = Non-vault monster count
 E = Vault monster count
 F = Vault count percentage of total count
                 A         B        C        D         E       F
            +---------+---------+-------+---------+---------+-------
      Total |       0 |    1343 | 100.0 |       0 |       5 | 100.0
            +---------+---------+-------+---------+---------+-------
          D |       0 |    1343 | 100.0 |       0 |       5 | 100.0
            +---------+---------+-------+---------+---------+-------
